Map: Blueshift LE

Players

Lambo

  • Race: Zerg Zerg
  • League: Master
  • Spawn Location: 1:00

Clem - Winner!

  • Race: Terran Terran
  • League: Master
  • Spawn Location: 7:00

Event: HomeStory Cup XVIII

VOD

Have the link to the VOD?

Description

Time

  • Played on: Nov. 23, 2018, 11:37 a.m.
  • Length: 6:47

All games in this series

Show
View Real Time Build Order
Export as new Build Order

Lambo Zerg 

Build Orders: Hatch First 

Get SALT Encoding   

  12  0:00  Drone  
  13  0:12  Overlord  
  13  0:17  Drone  
  14  0:31  Drone x2  
  16  0:48  Hatchery  
  15  0:51  Drone  
  15  0:55  Drone  
  17  0:58  Drone  
  18  1:08  Extractor  
  17  1:13  Spawning Pool  
  17  1:16  Drone  
  17  1:20  Drone  
  20  1:32  Extractor, Drone  
  20  2:00  Queen x2, Zergling x8  
  28  2:13  Overlord  
  28  2:28  Zergling x2  
  28  2:33  Drone x2  
  28  2:36  Drone  
  29  2:40  Drone  
  28  2:45  Drone  
  28  2:50  Drone  
  29  2:54  Extractor  
  28  2:59  Queen  
  28  3:01  Drone  
  31  3:06  Overlord  
  31  3:12  Drone x2  
  33  3:16  Drone x2  
  35  3:24  Queen  
  37  3:27  Drone  
  37  3:30  Zergling x2  
  39  3:34  Zergling x4  
  39  3:37  Overlord  
  41  3:45  Zergling x2  
  41  3:46  Zergling x2  
  43  3:54  Overlord  
  43  3:55  Metabolic Boost  
  43  4:00  Drone x4  
  47  4:07  Queen  
  49  4:12  Queen  
  49  4:14  Drone  
  52  4:23  Zergling x6  
  52  4:24  Zergling x4  
  56  4:28  Zergling x2  
  52  4:34  Baneling Nest  
  52  4:35  Zergling x2  
  46  4:47  Zergling x8  
  46  4:52  Zergling x2  
  40  4:56  Zergling x2  
  30  5:03  Zergling x2  
  30  5:04  Queen  
  28  5:07  Zergling x2  
  28  5:12  Zergling x2  
  28  5:19  Zergling x2  
  25  5:22  Zergling x2  
  23  5:29  Zergling x8  
  23  5:35  Zergling x2  
  28  5:39  Zergling x2  
  29  5:45  Zergling x2  
  28  5:55  Zergling x2  
  29  6:09  Baneling x9  
  29  6:10  Zergling x2  
  30  6:18  Zergling x2  
  31  6:26  Zergling x6  
Show
View Real Time Build Order
Export as new Build Order

Clem Terran - Winner!

Build Orders:  

Get SALT Encoding   

  12  0:00  SCV  
  13  0:12  SCV  
  14  0:18  Supply Depot  
  14  0:25  SCV  
  15  0:43  Barracks  
  15  0:48  SCV  
  16  0:54  Barracks  
  16  1:06  Barracks  
  16  1:09  SCV  
  17  1:22  SCV  
  18  1:30  Marine  
  19  1:34  Orbital Command  
  19  1:38  Bunker  
  19  1:46  Marine  
  20  1:47  Supply Depot  
  20  1:51  Marine  
  20  1:53  Marine  
  22  2:09  Marine  
  22  2:10  Marine  
  22  2:13  SCV  
  22  2:14  Supply Depot, Bunker  
  25  2:19  Marine  
  26  2:24  Bunker  
  26  2:28  Marine  
  27  2:33  Marine  
  24  2:37  Marine  
  24  2:38  SCV  
  24  2:46  Marine  
  24  2:50  SCV  
  24  2:51  Marine  
  25  2:55  Marine, Refinery  
  25  2:56  Refinery  
  27  3:02  SCV  
  27  3:03  Marine  
  29  3:09  Marine  
  30  3:13  Marine  
  30  3:14  SCV  
  32  3:21  Marine  
  32  3:26  Marine  
  34  3:30  SCV  
  34  3:31  Marine  
  36  3:37  Supply Depot  
  36  3:39  Marine  
  36  3:41  Factory  
  37  3:44  Marine  
  38  3:48  Marine  
  39  3:57  Supply Depot  
  39  3:59  Marine, SCV  
  41  4:05  Marine  
  41  4:06  Marine  
  43  4:12  SCV  
  43  4:17  Marine  
  44  4:22  Marine  
  45  4:24  SCV  
  45  4:27  Marine  
  46  4:32  Hellion  
  48  4:43  Supply Depot, SCV  
  48  4:51  Marine  
  45  4:55  SCV  
  45  4:59  Marine  
  43  5:00  Marine  
  43  5:01  Factory Reactor  
  41  5:09  Starport  
  41  5:13  SCV  
  42  5:19  Marine x2  
  41  5:26  Marine  
  41  5:40  Hellion x2  
  45  5:47  Marine  
  37  5:51  SCV  
  37  5:53  Marine x2  
  38  6:00  Command Center  
  38  6:05  Starport Tech Lab  
  38  6:08  Hellion  
  38  6:11  Hellion  
  42  6:15  Marine x2  
  42  6:18  Marine  
  45  6:25  SCV  
  49  6:35  Supply Depot  
  49  6:37  Supply Depot  
Tags
 
Add a new tag
Caveats
  • Supply blocks, unpowered buildings, or Contaminate may cause inaccurate times.
  • Supply counts are checked every 10 seconds.